 Dungeon Crawl Stone Soup version 0.31-a0-1308-ga3cce3a448 (webtiles) character file.

Game seed: 2570279473989629268

497 IdlyInterested the Slasher (level 6, -1/47 HPs)
             Began as a Demonspawn Fighter on Dec 19, 2023.
             Slain by an ogre
             ... wielding a +0 giant club
              (9 damage)
             ... on level 4 of the Dungeon.
             The game lasted 00:11:10 (3548 turns).

IdlyInterested the Slasher (Demonspawn Fighter)     Turns: 3548, Time: 00:11:10

Health: -1/47      AC: 12    Str: 17    XL:     6   Next: 93%
Magic:  5/5        EV: 10    Int:  8    God:
Gold:   195        SH:  5    Dex: 14    Spells: 5/5 levels left

rFire   . . .        a - +0 long sword
rCold   + . .        (no shield)
rNeg    + . .        F - +3 scale mail of Compassion {Harm Rampage rN+}
rPois   .            (helmet restricted)
rElec   .            (no cloak)
rCorr   .            (no gloves)
SInv    .            (no boots)
Will    .....        k - amulet of reflection Stlth
                     t - ring of protection from cold
HPRegen 0.27/turn    (no ring)
MPRegen 0.09/turn

%: harm (+30% outgoing, +20% incoming), reflection, rampage
@: no status effects
A: claws 1, slimy green scales 2, ignite blood 1, horns 1, low MP 1, mutation
resistance 1, MP-powered wands
a: no special abilities


You were on level 4 of the Dungeon.
You visited 1 branch of the dungeon, and saw 4 of its levels.
You also visited: Sewer.

You collected 195 gold pieces.

Inventory:

Hand Weapons
 a - a +0 long sword (weapon)
 E - a +1 dagger of flaming
Missiles
 h - 36 stones (quivered)
 n - 6 poisoned darts
 D - 6 boomerangs
Armour
 b - a +0 scale mail
 c - a +0 buckler
 e - a +0 leather armour
 f - a +2 robe of willpower
 g - a +0 chain mail
 F - the +3 scale mail of Compassion (worn) {Harm Rampage rN+}
   (You found it on level 4 of the Dungeon)

   rN+:       It protects you from negative energy.
   Harm:      It increases damage dealt and taken.
   Rampage:   It bestows one free step when moving towards enemies.
Jewellery
 k - an amulet of reflection (around neck)
 t - a ring of protection from cold (left claw)
 B - a +6 ring of intelligence
 G - an amulet of guardian spirit
Talismans
 x - a beast talisman
Scrolls
 i - a scroll of teleportation {unknown}
 j - a scroll of enchant weapon {unknown}
 m - a scroll of amnesia {unknown}
 o - 3 scrolls of enchant armour
 p - a scroll of torment {unknown}
 y - a scroll of noise {unknown}
 z - 2 scrolls of fog {unknown}
 C - a scroll of vulnerability {unknown}
Potions
 d - a potion of heal wounds
 l - 2 potions of attraction
 q - a potion of haste
 r - 2 potions of magic
 s - a potion of curing
 u - a potion of degeneration {unknown}
 v - a potion of enlightenment {unknown}
 w - a potion of resistance
 A - a potion of brilliance {unknown}


   Skills:
 - Level 3.0 Fighting
 + Level 4.3 Long Blades
 - Level 3.0 Throwing
 - Level 3.0 Armour
 - Level 3.0 Dodging
 - Level 3.0 Shields
 * Level 1.6 Unarmed Combat


You had 5 spell levels left.
You didn't know any spells.
Your spell library contained the following spells:

 Spells                   Type           Power      Damage    Failure   Level
 Blink                    Tloc           0%         N/A       91%         2
 Lesser Beckoning         Tloc           0%         N/A       91%         2
 Momentum Strike          Conj/Tloc      0%         3d8       91%         2


Dungeon Overview and Level Annotations

Branches:
Dungeon (4/15)              Sewer (visited)
 Temple: D:4-7

Altars:

Shops:
D:2 [   D:3 [


Innate Abilities, Weirdness & Mutations

You have sharp fingernails.
You are mostly covered in slimy green scales. (AC +3)
Your demonic aura sometimes causes spilled blood to erupt in flames.
You have a pair of small horns on your head.
Your magical capacity is low. (-10% MP)
You are somewhat resistant to further mutation.
You expend magic power (3 MP) to strengthen your wands.


Message History

The jelly is lightly wounded.
The jelly barely misses you.
You slash the jelly! The acid corrodes you!
Your claws burn!
The jelly is almost dead.
The jelly barely misses you. x2
You hit the jelly.
You kill the jelly!
A ball python comes into view.
The ball python hisses angrily.
You see here 3 gold pieces.
You rampage towards the ball python!
You rampage towards the ball python!
You closely miss the ball python. The ball python barely misses you.
The ball python grabs you. The ball python constricts you.
You hit the ball python.
You kill the ball python!
You now have 195 gold pieces (gained 3).
You are no longer corroded.
Found a sling.
You see here a +0 sling.
An ogre comes into view. It is wielding a +0 giant club.
The ogre shouts!
Found a scroll labelled QEKIMI XASUIST.
You rampage towards the ogre!
You closely miss the ogre. The ogre hits you with a +0 giant club.
You completely miss the ogre. You headbutt the ogre.
The ogre is lightly wounded.
The ogre closely misses you.
You hit the ogre but do no damage. Your headbutt misses the ogre.
You claw the ogre.
The ogre is moderately wounded.
The ogre hits you with a +0 giant club!!
Ouch! That really hurt!
* * * LOW HITPOINT WARNING * * *
You hit the ogre but do no damage. You headbutt the ogre.
The ogre is moderately wounded.
You hit the ogre. You headbutt the ogre.
The ogre is heavily wounded.
The ogre hits you with a +0 giant club!
You die...

# #. #### # #.
##...#.#
####.###......##
........@O......
####.....°..?###
###..#...##
#####..##.##
#.........#
#.###..#### #.#
#..# #.# #..#
#.# #.##


You could see an ogre.

Vanquished Creatures
  Pargi (Sewer)
  A black bear (D:4)
  A brain worm (Sewer)
  A scorpion (D:4)
  A jelly (D:4)
  Terence (D:3)
  Robin (D:3)
  3 adders
  A shadow imp (D:4)
  2 orcs (D:3)
  8 ball pythons
  4 bats
  9 endoplasms
  4 giant cockroaches
  18 goblins
  6 hobgoblins
  4 jackals (D:4)
  2 quokkas (D:2)
  9 frilled lizards
  6 kobolds
  8 rats
91 creatures vanquished.

Notes
Turn   | Place    | Note
-------+----------+-------------------------------------------
     0 | D:1      | IdlyInterested the Demonspawn Fighter began the quest for
                  | the Orb.
     0 | D:1      | Reached XP level 1. HP: 18/18 MP: 1/1
    97 | D:1      | Reached skill level 2 in Long Blades
   169 | D:1      | Gained mutation: You are partially covered in slimy green
                  | scales. (AC +2) [demonic ancestry]
   169 | D:1      | Reached XP level 2. HP: 24/24 MP: 2/2
   949 | D:2      | Found Cynon's Antique Armour Boutique.
   996 | D:2      | Reached skill level 1 in Throwing
   996 | D:2      | Gained mutation: Your demonic aura sometimes causes spilled
                  | blood to erupt in flames. [demonic ancestry]
   996 | D:2      | Reached XP level 3. HP: 24/29 MP: 3/3
  1504 | D:3      | Noticed Terence
  1516 | D:3      | Killed Terence
  1517 | D:3      | Reached XP level 4. HP: 15/35 MP: 4/4
  1611 | D:3      | Found a glowing drain.
  1614 | Sewer    | Entered a sewer
  1721 | Sewer    | Noticed a brain worm
  1727 | Sewer    | Killed a brain worm
  1728 | Sewer    | Reached skill level 3 in Long Blades
  1728 | Sewer    | Gained mutation: You are mostly covered in slimy green
                  | scales. (AC +3) [demonic ancestry]
  1728 | Sewer    | Reached XP level 5. HP: 29/41 MP: 2/5
  1774 | Sewer    | Noticed Pargi
  1801 | Sewer    | Gained mutation: Your magical capacity is low. (-10% MP)
                  | [potion of mutation]
  1801 | Sewer    | Gained mutation: You have a pair of small horns on your
                  | head. [potion of mutation]
  1801 | Sewer    | Gained mutation: You expend magic power (3 MP) to
                  | strengthen your wands. [potion of mutation]
  1801 | Sewer    | Gained mutation: You are somewhat resistant to further
                  | mutation. [potion of mutation]
  1807 | Sewer    | Killed Pargi
  1808 | Sewer    | Reached skill level 1 in Dodging
  2109 | D:3      | Gained mutation: You have sharp fingernails. [demonic
                  | ancestry]
  2109 | D:3      | Reached XP level 6. HP: 47/47 MP: 5/5
  2173 | D:3      | Found Haawn's Armour Emporium.
  2427 | D:3      | Noticed Robin
  2466 | D:3      | Killed Robin
  2647 | D:3      | Found a faded altar of an unknown god.
  3048 | D:4      | Reached skill level 4 in Long Blades
  3188 | D:4      | Reached skill level 1 in Unarmed Combat
  3305 | D:4      | Identified the +3 scale mail of Compassion {Harm Rampage
                  | rN+}
  3548 | D:4      | Slain by an ogre

Illustrated notes

Levels and vault maps discovered:
D:1:      orjb1_lava_funnel, layout_loops_corners, minmay_close_crescents
D:2:      layout_rooms, serial_shops, shop, corexii_shack, minmay_tetromino_s4
D:3:      layout_basic, serial_shops, nicolae_shop_tiny_glass,
          dreamdust_ecumenical_altar_hidden_monk_grotto,
          mainiacjoe_sewer_entry_somewhere_in_here_1, uniq_robin, uniq_terence
D:4:      layout_loops_ring, hangedman_decor_push,
          serial_library_hellmonk_room_b, nicolae_shop_vocational

Skill      XL: |  1  2  3  4  5  6 |
---------------+-------------------+-----
Long Blades    | 2 3 4 |  4.3
Armour         | 3 |  3.0
Shields        | 3 |  3.0
Throwing       | 1 2 3 |  3.0
Dodging        | 2 3 |  3.0
Unarmed Combat | 1 |  1.6
Fighting       | |  3.0

Action                     |  1- 3 |  4- 6 || total
---------------------------+-------+-------++-------
  Melee: Long sword        |   120 |   171 ||   291
         Headbutt          |       |    20 ||    20
         Punch             |       |     2 ||     2
    Use: Potion            |     2 |     6 ||     8
         Scroll            |     2 |     1 ||     3
 Armour: Chain mail        |    81 |    86 ||   167
         Scale mail        |     1 |     3 ||     4
         Robe              |       |    44 ||    44
  Dodge: Dodged            |    23 |    89 ||   112
  Block: Buckler           |    58 |    70 ||   128
         Reflection        |     1 |       ||     1
         Other             |       |    13 ||    13

Table legend: (Time is in decaauts)
 A = Elapsed time spent in this place.
 B = Non-inter-level travel time spent in this place.
 C = Inter-level travel time spent in this place.
 D = Time resting spent in this place.
 E = Time spent auto-exploring this place.
 F = Levels seen in this place.
 G = Mean time per level.
                   A        B        C        D        E       F      G
               +--------+--------+--------+--------+--------+-----+--------+
         Total |   3661 |   3469 |    192 |    492 |   1812 |   5 |  732.2 |
       Dungeon |   3177 |   2985 |    192 |    253 |   1805 |   4 |  794.2 |
         Sewer |    483 |    483 |      0 |    239 |      7 |   1 |  483.0 |
               +--------+--------+--------+--------+--------+-----+--------+

Top non-repeatable levels by time:
     D:3: 1112 daAuts
     D:1: 1022 daAuts
     D:4: 560 daAuts
   Sewer: 483 daAuts
     D:2: 481 daAuts
